 Dungeon Crawl Stone Soup version 0.28-a0-1234-g826d19b2e0 (webtiles) character file.

Game seed: 3412338751473489853

85 browni3141 the Chopper (level 4, -12/35 HPs)
             Began as a Palentonga Gladiator on Dec 23, 2021.
             Mangled by Crazy Yiuf (18 damage)
             ... on level 2 of the Dungeon.
             The game lasted 00:05:26 (2833 turns).

browni3141 the Chopper (Palentonga Gladiator)       Turns: 2833, Time: 00:05:27

Health: -12/35     AC:  6    Str: 20    XL:     4   Next: 25%
Magic:  2/4        EV: 10    Int:  8    God:
Gold:   50         SH:  0    Dex: 11    Spells: 3/3 levels left

rFire   . . .      SeeInvis +   a - +0 war axe
rCold   . . .      Faith    .   (no shield)
rNeg    . . .      Spirit   .   e - +0 leather armour
rPois   .          Reflect  .   c - +0 helmet
rElec   .          Harm     .   (no cloak)
rCorr   .          Rampage  .   k - +0 pair of gloves
Will    .....                   (no barding)
Stlth   +.........              (no amulet)
HPRegen 0.11/turn               (no ring)
MPRegen 0.09/turn               (no ring)

@: no status effects
A: large, rugged brown scales 3, see invisible, deformed body, roll 1, armoured
tail
a: Rolling Charge


You were on level 2 of the Dungeon.
You visited 1 branch of the dungeon, and saw 2 of its levels.

You collected 50 gold pieces.

Inventory:

Hand Weapons
 a - a +0 war axe (weapon)
 b - a +0 hunting sling
Missiles
 d - a throwing net (quivered)
 f - 7 poisoned darts
 h - 34 sling bullets
Armour
 c - a +0 helmet (worn)
 e - a +0 leather armour (worn)
 k - a +0 pair of gloves (worn)
 o - a +0 chain mail
Scrolls
 g - a scroll of amnesia {unknown}
 j - a scroll of blinking {unknown}
 m - a scroll of identify {unknown}
 p - a scroll of brand weapon {unknown}
 s - 3 scrolls of vulnerability {unknown}
Potions
 i - 2 potions of heal wounds {unknown}
 l - a potion of lignification {unknown}
 n - a potion of haste {unknown}
 q - a potion of curing {unknown}
 r - a potion of magic {unknown}


   Skills:
 - Level 2.0 Fighting
 * Level 5.1 Axes
 - Level 1.3 Throwing
 - Level 2.4 Dodging


You had 3 spell levels left.
You didn't know any spells.
Your spell library contained the following spells:

 Spells                   Type           Power      Damage    Failure   Level
 Slow                     Hex            0%         N/A       45%         1
 Confusing Touch          Hex            0%         N/A       83%         3
 Conjure Flame            Conj/Fire      0%         6-21      83%         3
 Ignite Poison            Fire/Tmut/Pois 0%         N/A       83%         3
 Sticky Flame             Conj/Fire      0%         2d3       99%         4
 Yara's Violent Unravell  Hex/Tmut       0%         3d3       100%        5


Dungeon Overview and Level Annotations

Branches:
Dungeon (2/15)

Altars:

Shops:
D:1 =

Annotations:
D:2 Crazy Yiuf


Innate Abilities, Weirdness & Mutations

You are completely covered in rugged brown scales. (AC +3, +7% HP)
You have supernaturally acute eyesight. (SInv)
Armour fits poorly on your strangely shaped body.
You can roll at nearby foes to attack.
You have a long armoured tail.


Message History

You see here a +0 spear.
Crazy Yiuf shouts!
You open the door.
Crazy Yiuf twirls on the spot.
You throw a poisoned dart. The poisoned dart hits Crazy Yiuf.
Crazy Yiuf hits you with a +4 quarterstaff of chaos!
You throw a poisoned dart.
The poisoned dart closely misses Crazy Yiuf.
Crazy Yiuf hits you with a +4 quarterstaff of chaos.
You feel your power leaking away.
Unknown command.
Unknown command.
Throw: 3 throwing nets
Press: ? - help, Q - select action, (/) - cycle Shift-Dir - straight line, f/p - Crazy Yiuf
Aim: Crazy Yiuf, wielding a +4 quarterstaff of chaos and wearing a +0 cloak (60% to hit)
You throw a throwing net.
The throwing net barely misses Crazy Yiuf.
Crazy Yiuf hits you with a +4 quarterstaff of chaos!
* * * LOW HITPOINT WARNING * * *
Throw: 2 throwing nets
Press: ? - help, Q - select action, (/) - cycle Shift-Dir - straight line, f/p - Crazy Yiuf
Aim: Crazy Yiuf, wielding a +4 quarterstaff of chaos and wearing a +0 cloak (60% to hit)
You throw a throwing net. The throwing net hits Crazy Yiuf.
Crazy Yiuf is caught in the net!
Crazy Yiuf struggles against the net.
You are too injured to fight recklessly!
You are too injured to fight recklessly!
You hit Crazy Yiuf but do no damage.
Crazy Yiuf struggles against the net.
You hit Crazy Yiuf but do no damage. You tail-slap Crazy Yiuf.
Crazy Yiuf is moderately wounded.
Crazy Yiuf struggles against the net.
You slash Crazy Yiuf!
Crazy Yiuf is heavily wounded.
Crazy Yiuf struggles against the net. x2
The net rips apart, and Crazy Yiuf comes free!
You barely miss Crazy Yiuf. You tail-slap Crazy Yiuf!
Crazy Yiuf is almost dead.
Crazy Yiuf hits you with a +4 quarterstaff of chaos!!
Ouch! That really hurt!
You die...

##..##
#.######...
#....#
#..........
♣....♣
####..######
♣♣...♣
#.....#
♣♣.♣♣
##..### #
♣♣.♣ #.## #
♣.♣♣ ### #
♣♣.♣ # ♣@♣♣
#g# ...
#...# #)(.#
#####


You could see Crazy Yiuf.

Vanquished Creatures
  4 gnolls
  An adder (D:2)
  A worm (D:2)
  2 dart slugs (D:1)
  2 ball pythons (D:1)
  4 bats
  3 endoplasms
  A giant cockroach (D:2)
  A goblin (D:1)
  3 jackals (D:1)
  4 kobolds
  A quokka (D:1)
  2 frilled lizards (D:1)
  2 rats (D:1)
31 creatures vanquished.

Vanquished Creatures (others)
  5 plants (D:2)
5 creatures vanquished.

Grand Total: 36 creatures vanquished

Notes
Turn   | Place    | Note
-------+----------+-------------------------------------------
     0 | D:1      | browni3141 the Palentonga Gladiator began the quest for the
                  | Orb.
     0 | D:1      | Reached XP level 1. HP: 17/17 MP: 1/1
   378 | D:1      | Reached XP level 2. HP: 17/23 MP: 2/2
   652 | D:1      | Reached skill level 4 in Axes
   754 | D:1      | Found Reegef's Jewellery Shoppe.
  1078 | D:2      | Reached XP level 3. HP: 28/28 MP: 3/3
  1801 | D:1      | HP: 1/28 [gnoll (4)]
  2146 | D:2      | Reached skill level 5 in Axes
  2146 | D:2      | Reached XP level 4. HP: 35/35 MP: 4/4
  2632 | D:2      | Found a runed translucent door.
  2633 | D:2      | Noticed Crazy Yiuf
  2833 | D:2      | Mangled by Crazy Yiuf

Illustrated notes

Levels and vault maps discovered:
D:1:      dpeg_arrival_fog, layout_basic, serial_shops, shop
D:2:      layout_rooms, moated_statue, chequers_big_river, chequers_arboretum,
          uniq_crazy_yiuf_cottage

Skill      XL: |  1  2  3 |
---------------+----------+-----
Axes           | 4 5 |  5.1
Fighting       | |  2.0
Throwing       | |  1.3
Dodging        | |  2.4

Action                   |  1- 3 |  4- 6 || total
-------------------------+-------+-------++-------
Melee: War axe           |    60 |    20 ||    80
       Tailslap          |     5 |     4 ||     9
 Fire: Hunting sling     |     3 |       ||     3
Throw: Dart              |    11 |    16 ||    27
       Throwing net      |       |     3 ||     3
 Abil: Rolling Charge    |     8 |       ||     8
Armor: Leather armour    |    29 |     7 ||    36
Dodge: Dodged            |    35 |    11 ||    46

Table legend: (Time is in decaauts)
 A = Elapsed time spent in this place.
 B = Non-inter-level travel time spent in this place.
 C = Inter-level travel time spent in this place.
 D = Time resting spent in this place.
 E = Time spent auto-exploring this place.
 F = Levels seen in this place.
 G = Mean time per level.
                   A        B        C        D        E       F      G
               +--------+--------+--------+--------+--------+-----+--------+
         Total |   2877 |   2733 |    144 |      0 |   2039 |   2 | 1438.5 |
       Dungeon |   2877 |   2733 |    144 |      0 |   2039 |   2 | 1438.5 |
               +--------+--------+--------+--------+--------+-----+--------+

Top non-repeatable levels by time:
     D:1: 1995 daAuts
     D:2: 882 daAuts
